 Dungeon Crawl Stone Soup version 0.24.1-8-ga250c9d538 (webtiles) character file.

Game seed: 17190490898584846177, levelgen mode: deterministic

53 Peloso the Skirmisher (level 3, -1/29 HPs)
             Began as a Demonspawn Fighter on Apr 27, 2020.
             Slain by Grinder (2 damage)
             ... on level 3 of the Dungeon.
             The game lasted 00:03:47 (1744 turns).

Peloso the Skirmisher (Demonspawn Fighter)          Turns: 1744, Time: 00:03:47

Health: -1/29      AC: 10    Str: 23 (24) XL:     3   Next: 64%
Magic:  3/3        EV:  5    Int:  6 (9)  God:
Gold:   97         SH:  9    Dex:  9 (12) Spells: 2/2 levels left

rFire    . . .     SeeInvis .   a - +0 long sword
rCold    . . .     Gourm    .   c - +0 shield
rNeg     . . .     Faith    .   m - +0 chain mail
rPois    .         Spirit   .   (helmet restricted)
rElec    .         Reflect  .   (no cloak)
rCorr    .         Harm     .   (no gloves)
MR       .....                  (no boots)
Stlth    ..........             (no amulet)
HPRegen  0.09/turn              (no ring)
MPRegen  0.08/turn              (no ring)

@: mighty
A: antennae 1, rugged brown scales 1, strong 1
a: no special abilities


You were on level 3 of the Dungeon.
You were not hungry.

You visited 1 branch of the dungeon, and saw 3 of its levels.

You collected 97 gold pieces.

Inventory:

Hand Weapons
 a - a +0 long sword (weapon)
Armour
 b - a +0 scale mail
 c - a +0 shield (worn)
 m - a +0 chain mail (worn)
Jewellery
 e - an uncursed ring of resist corrosion {unknown}
Scrolls
 g - a scroll of teleportation {unknown}
 i - a scroll of fog {unknown}
 j - 4 scrolls of remove curse {unknown}
 k - a scroll of blinking {unknown}
 o - a scroll of identify {unknown}
Potions
 h - a potion of curing {unknown}
 l - a potion of flight {unknown}
 n - a potion of resistance {unknown}
Comestibles
 f - 9 rations


   Skills:
 + Level 3.3 Fighting
 + Level 2.7 Long Blades
 + Level 3.0 Armour
 + Level 3.1 Shields


You had 2 spell levels left.
You didn't know any spells.
Your spell library contained the following spells:

 Spells                   Type           Power        Failure   Level  Hunger
 Confusing Touch          Hex            #.....       100%        1    ##.....
 Magic Dart               Conj           #...         100%        1    ##.....
 Blink                    Tloc           N/A          100%        2    ###....
 Call Imp                 Summ           #.......     100%        2    ###....
 Slow                     Hex            #.......     100%        2    ###....
 Confuse                  Hex            #.......     100%        3    ####...
 Conjure Flame            Conj/Fire      #.......     100%        3    ####...
 Gell's Gravitas          Tloc           #.........   100%        3    ####...
 Mephitic Cloud           Conj/Pois/Air  #.......     100%        3    ####...
 Petrify                  Tmut/Erth      #.......     100%        4    #####..
 Metabolic Englaciation   Hex/Ice        #.........   100%        5    ######.
 Yara's Violent Unravell  Hex/Tmut       #.........   100%        5    ######.


Dungeon Overview and Level Annotations

Branches:
Dungeon (3/15)

Altars:
Gozag

Annotations:
D:3 Grinder


Innate Abilities, Weirdness & Mutations

You are partially covered in rugged brown scales. (AC +1, +3% HP)
You have a pair of small antennae on your head.
Your muscles are strong. (Str +2)


Message History

Grinder is lightly wounded.
You block Grinder's attack.
You hit Grinder.
Grinder is lightly wounded.
Grinder gestures at you.
You suddenly lose the ability to move!
Grinder hits you.
You writhe in agony.
* * * LOW HITPOINT WARNING * * *
Grinder hits you but does no damage. Grinder hits you.
* * * LOW HITPOINT WARNING * * *
Grinder gestures at you. Pain shoots through your body!
* * * LOW HITPOINT WARNING * * *
Grinder completely misses you. Grinder hits you but does no damage.
You can move again.
You closely miss Grinder.
Grinder is lightly wounded.
Grinder hits you.
You die...

# .#
###. #w.
#5#
######@#
#...<[.#
#.#..###
#....#
#.....
#.#.##
#.#. #
#! ..


You could see Grinder and a worm.

Vanquished Creatures
  A worm (D:2)
  2 dart slugs
  5 orcs
  5 bats
  3 giant cockroaches
  6 goblins
  3 hobgoblins
  2 jackals (D:2)
  A ball python (D:1)
  3 frilled lizards
  3 kobolds
  5 rats (D:1)
39 creatures vanquished.

Notes
Turn   | Place    | Note
-------+----------+-------------------------------------------
     0 | D:1      | Peloso the Demonspawn Fighter began the quest for the Orb.
     0 | D:1      | Reached XP level 1. HP: 18/18 MP: 1/1
   184 | D:1      | Gained mutation: You are partially covered in rugged brown
                  | scales. (AC +1, +3% HP) [demonic ancestry]
   184 | D:1      | Reached XP level 2. HP: 15/24 MP: 2/2
   775 | D:2      | Found an opulent altar of Gozag.
   889 | D:2      | Gained mutation: You are dopey. (Int -2) [potion of
                  | mutation]
   889 | D:2      | Gained mutation: You expend magic power (3 MP) to
                  | strengthen your wands. [potion of mutation]
   890 | D:2      | Lost mutation: You are dopey. (Int -2) [potion of mutation]
   890 | D:2      | Lost mutation: You expend magic power (3 MP) to strengthen
                  | your wands. [potion of mutation]
   890 | D:2      | Gained mutation: Your muscles are strong. (Str +2) [potion
                  | of mutation]
   890 | D:2      | Gained mutation: You have a pair of small antennae on your
                  | head. [potion of mutation]
   998 | D:2      | Reached XP level 3. HP: 26/29 MP: 3/3
  1729 | D:3      | Noticed Grinder
  1733 | D:3      | Paralysed by Grinder for 2 turns
  1738 | D:3      | Paralysed by Grinder for 6 turns
  1741 | D:3      | HP: 1/29 [Grinder/nerve-wracking pain (7)]
  1744 | D:3      | Slain by Grinder

Levels and vault maps discovered:
D:1:      dpeg_arrival_chase, layout_basic, serial_glass, glass_columns_a,
          glass_columns_c, glass_columns_a, glass_columns_b, item_on_display_a,
          minmay_strange_pillars
D:2:      minmay_angry_zag, layout_basic, hangedman_decor_clover_reticule,
          nicolae_gozag_cash_rules_everything_around_me
D:3:      layout_basic, uniq_grinder, uniq_robin

Skill      XL: |  1  2 |
---------------+-------+-----
Long Blades    | 2 |  2.7
Armour         | 3 |  3.0
Shields        | 3 |  3.1
Fighting       | |  3.3

Action                   || total
-------------------------++-------
Melee: Long sword        ||   148
  Use: Potion            ||     5
  Eat: Chunk             ||     3
Armor: Scale mail        ||    38
       Chain mail        ||    78
Dodge: Dodged            ||    38
Block: Shield            ||    76
       Rpst.: Long sword ||    13
